 Dungeon Crawl Stone Soup version 0.18.1-50-g88ac8fd (webtiles) character file.

215 Patate the Sneak (level 5, 0/28 HPs)
             Began as a Spriggan Assassin on Oct 23, 2016.
             Succumbed to a worker ant's poison
             ... on level 4 of the Dungeon on Oct 24, 2016.
             The game lasted 00:15:38 (4039 turns).

Patate the Sneak (Spriggan Assassin)                Turns: 4039, Time: 00:15:39

Health: 0/28       AC:  7    Str:  7    XL:     5   Next: 60%
Magic:  6/6        EV: 19    Int: 13    God:
Gold:   160        SH:  0    Dex: 17    Spells: 0 memorised, 4 levels left

rFire  . . .     SeeInvis +     s - -3 short sword (curse)
rCold  . . .     Gourm    .     c - +0 robe
rNeg   . . .     Faith    .     (shield restricted)
rPois  .         Spirit   .     (helmet restricted)
rElec  .         Dismiss  .     d - +0 cloak
rCorr  .         Reflect  .     (gloves unavailable)
SustAt +         Harm     .     (boots unavailable)
MR     .....     Rnd*Tele +     (no amulet)
Stlth  ++++......               k - ring of teleportation (curse)
                                r - ring of sustain attributes

@: lethally poisoned (0 -> -4), very quick, not resistant to hostile
enchantments, stealthy
A: unfitting armour, rough black scales 1, see invisible, herbivore 3, speed 3,
slow metabolism 2
a: no special abilities


You were on level 4 of the Dungeon.
You were near starving.

You visited 1 branch of the dungeon, and saw 4 of its levels.

You collected 160 gold pieces.

Inventory:

Hand Weapons
 a - a +3 dagger
 b - a +0 blowgun
 s - a cursed -3 short sword (weapon)
Missiles
 e - 24 poisoned needles
 f - 2 curare-tipped needles
Armour
 c - a +0 robe (worn)
 d - a +0 cloak (worn)
Jewellery
 k - a cursed ring of teleportation (right hand)
 l - an uncursed ring of protection from cold {unknown}
 r - a ring of sustain attributes (left hand)
Wands
 j - a wand of hasting (2/9)
Scrolls
 n - a scroll of identify
 p - a scroll of enchant weapon
Potions
 m - 3 potions of magic
Comestibles
 g - 3 bread rations
 h - 2 slices of pizza
 o - 4 fruits


   Skills:
 + Level 2.8 Fighting
 + Level 3.3 Short Blades
 - Level 2.6 Throwing
 + Level 4.3 Dodging
 + Level 7.0 Stealth


You had 4 spell levels left.
You didn't know any spells.

Dungeon Overview and Level Annotations

Branches:
Dungeon (4/15)
 Temple: D:4-7

Altars:
Ashenzari
Elyvilon
Okawaru
Ru
Vehumet

Shops:
D:4 (


Innate Abilities, Weirdness & Mutations

You are tiny and cannot use many weapons and most armour.
You have supernaturally acute eyesight.
You are a herbivore.
You cover ground extremely quickly.
You need consume almost no food.
You are partially covered in rough black scales (AC +4, Dex -1).


Message History

You hit the worker ant but do no damage.
The worker ant is almost dead.
You feel sick. The worker ant bites you.
* * * LOW HITPOINT WARNING * * *
You hit the worker ant but do no damage.
The worker ant is almost dead.
The worker ant misses you.
You hit the worker ant but do no damage.
The worker ant is almost dead.
* * * LOW HITPOINT WARNING * * *
You feel sick. The worker ant barely misses you.
You closely miss the worker ant.
The worker ant is almost dead.
The worker ant barely misses you.
You closely miss the worker ant.
The worker ant is almost dead.
The worker ant misses you.
You completely miss the worker ant.
The worker ant is almost dead.
You die...

#...##........# #....#
#...###+####### #....#
###...###.############....#
^....................'....+
###..####.######.#####....#
##.# .... #.# #....# ####.#
..... #.# #....#### .....##
......#.#########...#
......# .?.....@...# #.#.#
...)..## #######a#.## #.#.#
#####..# ##.#.# #.#.#
#.....## ... # #.#.#
##.###..# #.# #.#.# $..
#..#.######.#########.#.# ##
#...................#.#.# $#
#....######.#######.#.#.####
.# #..............#
#.#.......


You could see a worker ant.

Vanquished Creatures
  A centaur skeleton (D:4)
  A worker ant (D:4)
  A hound skeleton (D:4)
  8 adders
  3 worms
  2 dart slugs
  2 giant geckos
  9 orcs
  6 bats
  A giant cockroach (D:2)
  4 goblins
  5 hobgoblins
  2 jackals (D:3)
  5 kobolds
  2 quokkas (D:3)
  3 ball pythons (D:1)
  A giant newt (D:3)
  A quokka skeleton (D:4)
  6 rats
63 creatures vanquished.

Notes
Turn   | Place    | Note
--------------------------------------------------------------
     0 | D:1      | Patate the Spriggan Assassin began the quest for the Orb.
     0 | D:1      | Reached XP level 1. HP: 10/10 MP: 2/2
   264 | D:1      | Reached XP level 2. HP: 14/15 MP: 3/3
   444 | D:1      | Reached skill level 6 in Stealth
  1007 | D:2      | Reached XP level 3. HP: 16/18 MP: 4/4
  1017 | D:2      | Found a white marble altar of Elyvilon.
  1017 | D:2      | Found a sacrificial altar of Ru.
  1020 | D:2      | Found an iron altar of Okawaru.
  1145 | D:2      | Found a radiant altar of Vehumet.
  1511 | D:3      | Reached XP level 4. HP: 16/23 MP: 5/5
  2413 | D:3      | Found a shattered altar of Ashenzari.
  2882 | D:3      | Found a faded altar to an unknown god.
  2909 | D:3      | Gained mutation: You are partially covered in rough black scales (AC +4, Dex -1). [potion of mutation]
  2909 | D:3      | Gained mutation: Your mind is acute. (Int +2) [potion of mutation]
  2909 | D:3      | Lost mutation: Your mind is acute. (Int +2) [potion of mutation]
  2910 | D:3      | HP: 1/23 [poisoned by an adder]
  3036 | D:4      | Noticed an ogre
  3176 | D:4      | Reached XP level 5. HP: 20/27 MP: 6/6
  3513 | D:4      | Found Nibb's Weapon Emporium.
  3553 | D:4      | Reached skill level 7 in Stealth
  4036 | D:4      | HP: 1/28 [poisoned by a worker ant]
  4039 | D:4      | Succumbed to a worker ant's poison

Skill      XL: |  1  2  3  4  5 |
---------------+----------------+-----
Dodging        | 2 3 4 |  4.3
Stealth        | 6 7 |  7.0
Fighting       | 2 |  2.8
Short Blades   | 3 |  3.3
Throwing       | |  2.6

Action                   |  1- 3 |  4- 6 || total
-------------------------+-------+-------++-------
Melee: Dagger            |   109 |     5 ||   114
       Short sword       |       |   245 ||   245
 Fire: Blowgun           |     2 |    11 ||    13
  Use: Scroll            |       |     9 ||     9
       Potion            |       |     5 ||     5
 Stab: Sleeping          |    14 |    10 ||    24
       Distracted        |       |     1 ||     1
Armor: Robe              |     8 |    27 ||    35
Dodge: Dodged            |    79 |   197 ||   276
